 Dungeon Crawl Stone Soup version 0.28.0-53-g5a82cb258f (webtiles) character file.

Game seed: 4672632386947588595

2183 enile the Fighter (level 9, -16/102 HPs)
             Began as an Ogre Fire Elementalist on May 21, 2022.
             Was a Believer of Elyvilon.
             Demolished by Harold
             ... wielding a +0 scimitar
              (19 damage)
             ... on level 7 of the Dungeon.
             The game lasted 00:21:29 (8355 turns).

enile the Fighter (Ogre Fire Elementalist)          Turns: 8355, Time: 00:21:30

Health: -16/102    AC:  5    Str: 16    XL:     9   Next: 33%
Magic:  15/19      EV:  9    Int: 20    God:    Elyvilon [**....]
Gold:   216        SH:  0    Dex: 15    Spells: 16/22 levels left

rFire   + + .      SeeInvis .   G - +2 flail (protect)
rCold   + . .      Faith    .   (no shield)
rNeg    . . .      Spirit   .   q - +0 troll leather armour {Pargi}
rPois   +          Reflect  .   (helmet restricted)
rElec   +          Harm     .   (no cloak)
rCorr   +          Rampage  .   (gloves unavailable)
Will    .....                   (boots unavailable)
Stlth   ++........              (no amulet)
HPRegen 1.07/turn               e - ring of protection from fire
MPRegen 0.16/turn               x - +6 ring of dexterity

@: resistant, marked, invisible
A: large, unfitting armour, tough skin 1, strong 1
a: Renounce Religion, Purification, Heal Other


You were on level 7 of the Dungeon.
You worshipped Elyvilon.
Elyvilon was pleased with you.
You visited 1 branch of the dungeon, and saw 7 of its levels.
You also visited: Sewer and Ossuary.

You collected 216 gold pieces.

Inventory:

Hand Weapons
 c - a +0 dagger
 g - a +0 falchion
 j - a +4 mace
 G - a +2 flail of protection (weapon)
Missiles
 I - 2 silver javelins
Armour
 a - a +1 robe
 m - a +0 kite shield
 q - a +0 troll leather armour (worn) {Pargi}
Jewellery
 e - a ring of protection from fire (left hand)
 i - a ring of flight
 x - a +6 ring of dexterity (right hand)
Wands
 o - a wand of flame (15)
Scrolls
 b - a scroll of teleportation
 d - 2 scrolls of silence
 k - a scroll of holy word {unknown}
 l - a scroll of fear {unknown}
 n - a scroll of enchant weapon {unknown}
 r - 3 scrolls of summoning {unknown}
 u - a scroll of fog {unknown}
 w - 4 scrolls of amnesia {unknown}
 y - 2 scrolls of identify
 z - 2 scrolls of magic mapping {unknown}
 E - a scroll of immolation
 F - a scroll of vulnerability {unknown}
Potions
 f - a potion of ambrosia {unknown}
 h - a potion of might {unknown}
 p - 2 potions of lignification
 s - a potion of invisibility
 t - a potion of haste {unknown}
 v - a potion of cancellation {unknown}
 A - a potion of mutation
 C - a potion of experience {unknown}
 H - a potion of heal wounds {unknown}


   Skills:
 + Level 10.6 Fighting
 - Level 2.0 Maces & Flails
 - Level 1.7 Dodging
 - Level 1.4 Stealth
 - Level 7.0 Spellcasting
 - Level 0.8 Conjurations
 - Level 4.0 Fire Magic
 - Level 4.0 Evocations


You had 16 spell levels left.
You knew the following spells:

 Your Spells              Type           Power      Damage    Failure   Level
a - Foxfire               Conj/Fire      64%        2x1d7     4%          1
b - Scorch                Fire           46%        2d7       3%          2
c - Inner Flame           Hex/Fire       15%        N/A       16%         3

Your spell library contained the following spells:

 Spells                   Type           Power      Damage    Failure   Level
 Conjure Flame            Conj/Fire      16%        6-21      13%         3
 Flame Wave               Conj/Fire      16%        2d6       38%         4
 Summon Cactus Giant      Summ           3%         N/A       100%        6


Dungeon Overview and Level Annotations

Branches:
Dungeon (7/15)              Sewer (visited)         Ossuary (visited)
 Temple: D:4-7

Altars:
Elyvilon
Qazlal

Annotations:
D:2 Crazy Yiuf
D:7 Harold


Innate Abilities, Weirdness & Mutations

You are too large for most types of armour.
You have tough skin. (AC +1)
Your muscles are strong. (Str +2)


Message History

Your surroundings suddenly seem different.
The white imp gestures at you. The puff of frost hits you!
* * * LOW HITPOINT WARNING * * *
There is a stone staircase leading up here.
Harold throws a throwing net.
The throwing net hits you.
You become entangled in the net!
You stop ascending the stairs.
You struggle against the net.
Harold gestures at you while chanting.
You barely resist.
You are healed.
You can no longer provide healing for yourself.
You tear a large gash into the net.
Harold fires a harpoon shot at you. The harpoon shot hits you!
* * * LOW HITPOINT WARNING * * *
You are yanked forward by the harpoon shot.
Okay, then.
Press: ? - help, v - describe, . - travel
Here: Harold, wielding a +0 scimitar, wearing a +0 ring mail and quivering 2 throwing nets The floor.
Okay, then.
The white imp closely misses you. Harold fires a harpoon shot at you.
The harpoon shot hits you!
* * * LOW HITPOINT WARNING * * *
You are yanked forward by the harpoon shot.
It was a potion of invisibility.
You fade into invisibility!
The white imp hits you.
* * * LOW HITPOINT WARNING * * *
The white imp freezes you. Elyvilon protects you from harm!
Harold completely misses you.
There are monsters nearby!
Okay, then.
It was a potion of resistance.
You feel protected. The white imp closely misses you.
Harold hits you with a +0 scimitar!!
You die...

#########....#
##............... ####
##...............#.....
#..................#
#............).<..#
##..................#
#..................##
##..........@.......#
#..........@........#
#.......(..5.....#.##
.................#.#
................#..#
.....>..<[....###.##
#.....!......## .#
##.........### ##
###.....### ..#.####


You could see Harold and a white imp.

Vanquished Creatures
  2 water moccasins (D:6)
  Pargi (D:3)
  2 orc warriors
  An ogre (D:5)
  A necrophage (D:6)
  2 phantoms (D:6)
  3 kobold brigands
  3 scorpions (D:6)
  2 water moccasin zombies (D:5)
  A bullfrog zombie (D:5)
  2 hounds
  A human zombie (Ossuary)
  A jelly (D:6)
  An orc priest (D:4)
  A centaur skeleton (D:6)
  2 bullfrog skeletons
  An iguana (D:5)
  11 orc wizards (D:6)
  A hound skeleton (D:4)
  3 mummies (Ossuary)
  4 gnolls (D:3)
  7 adders
  A river rat (Sewer)
  4 worms
  12 orcs
  14 ball pythons
  9 endoplasms
  9 giant cockroaches
  A gnoll zombie (Ossuary)
  8 goblins
  10 hobgoblins
  5 jackals
  3 quokkas
  6 bats
  4 frilled lizards
  2 goblin zombies (Ossuary)
  A hobgoblin zombie (Ossuary)
  8 kobolds
  A kobold zombie (Ossuary)
  2 orc zombies (Ossuary)
  14 rats
167 creatures vanquished.

Vanquished Creatures (others)
  229 foxfires
  57 plants (D:6)
286 creatures vanquished.

Grand Total: 453 creatures vanquished

Notes
Turn   | Place    | Note
-------+----------+-------------------------------------------
     0 | D:1      | enile the Ogre Fire Elementalist began the quest for the
                  | Orb.
     0 | D:1      | Reached XP level 1. HP: 16/16 MP: 3/3
   323 | D:1      | Reached XP level 2. HP: 24/24 MP: 3/6
   831 | D:1      | Reached XP level 3. HP: 31/31 MP: 5/8
  1185 | D:1      | Learned a level 2 spell: Scorch
  2070 | D:2      | Reached XP level 4. HP: 39/39 MP: 5/10
  2227 | D:2      | Found a runed translucent door.
  2228 | D:2      | Noticed Crazy Yiuf
  2953 | D:3      | Noticed Pargi
  3685 | D:2      | Learned a level 3 spell: Inner Flame
  3777 | D:3      | Killed Pargi
  3778 | D:3      | Reached skill level 3 in Fighting
  3778 | D:3      | Reached XP level 5. HP: 54/54 MP: 5/11
  3953 | D:3      | Reached skill level 4 in Fighting
  4063 | D:3      | Reached XP level 6. HP: 57/63 MP: 3/12
  4167 | D:3      | Found a faded altar of an unknown god.
  4171 | D:3      | Prayed at the altar of an unknown god.
  4171 | D:3      | Became a worshipper of Elyvilon the Healer
  4171 | D:3      | Reached * piety under Elyvilon
  4253 | D:4      | Identified the +1 chain mail "Rekhlov" {-Cast rPois Will+
                  | Str+6}
  4487 | D:4      | Reached skill level 5 in Fighting
  4493 | D:4      | Reached skill level 1 in Maces & Flails
  4584 | D:4      | Noticed an orc warrior
  4614 | D:4      | Killed an orc warrior
  4718 | D:4      | Reached skill level 6 in Fighting
  4722 | D:4      | Found a glowing drain.
  4734 | Sewer    | Entered a sewer
  4740 | Sewer    | Reached XP level 7. HP: 75/75 MP: 5/13
  5107 | Sewer    | Reached skill level 7 in Fighting
  5550 | D:4      | Reached ** piety under Elyvilon
  6106 | D:5      | Entered Level 5 of the Dungeon
  6226 | D:5      | Reached skill level 5 in Spellcasting
  6382 | D:5      | Reached XP level 8. HP: 87/87 MP: 7/17
  6509 | D:5      | You fall into a shaft and drop 1 floor!
  6548 | D:6      | Reached skill level 8 in Fighting
  6627 | D:6      | Reached skill level 9 in Fighting
  6711 | D:6      | Found a sand-covered staircase.
  6756 | Ossuary  | Entered an ossuary
  6834 | Ossuary  | Reached skill level 1 in Evocations
  7144 | Ossuary  | Gained mutation: You are frail. (-10% HP) [potion of
                  | mutation]
  7144 | Ossuary  | Gained mutation: Your spells are a little easier to cast,
                  | but a little less powerful. [potion of mutation]
  7144 | Ossuary  | Gained mutation: You are partially covered in iridescent
                  | scales. (AC +2) [potion of mutation]
  7145 | Ossuary  | Lost mutation: You are partially covered in iridescent
                  | scales. (AC +2) [potion of mutation]
  7145 | Ossuary  | Lost mutation: You are frail. (-10% HP) [potion of
                  | mutation]
  7145 | Ossuary  | Lost mutation: Your spells are a little easier to cast, but
                  | a little less powerful. [potion of mutation]
  7145 | Ossuary  | Gained mutation: You sometimes lose the ability to read
                  | scrolls when taking damage. [potion of mutation]
  7146 | Ossuary  | Lost mutation: You sometimes lose the ability to read
                  | scrolls when taking damage. [potion of mutation]
  7146 | Ossuary  | Gained mutation: Your muscles are strong. (Str +2) [potion
                  | of mutation]
  7146 | Ossuary  | Gained mutation: You are dopey. (Int -2) [potion of
                  | mutation]
  7147 | Ossuary  | Lost mutation: You are dopey. (Int -2) [potion of mutation]
  7147 | Ossuary  | Lost mutation: Your muscles are strong. (Str +2) [potion of
                  | mutation]
  7147 | Ossuary  | Gained mutation: You have hidden genetic defects. [potion
                  | of mutation]
  7147 | Ossuary  | Gained mutation: You have a pair of small horns on your
                  | head. [potion of mutation]
  7148 | Ossuary  | Lost mutation: You have a pair of small horns on your head.
                  | [potion of mutation]
  7148 | Ossuary  | Lost mutation: You have hidden genetic defects. [potion of
                  | mutation]
  7148 | Ossuary  | Gained mutation: Your muscles are strong. (Str +2) [potion
                  | of mutation]
  7448 | D:6      | Reached XP level 9. HP: 98/98 MP: 14/19
  7552 | D:6      | Found a stormy altar of Qazlal.
  7606 | D:6      | Reached *** piety under Elyvilon
  7961 | D:6      | Reached skill level 10 in Fighting
  8190 | D:7      | Noticed Harold
  8345 | D:7      | HP: 1/102 [Harold/+0 scimitar (15)]
  8353 | D:7      | HP: 4/102 [Harold/harpoon shot (17)]
  8354 | D:7      | Elyvilon protects you from harm!
  8355 | D:7      | Demolished by Harold

Illustrated notes

Levels and vault maps discovered:
D:1:      tarquinn_simple_flora_water_c, layout_basic, st_stairs_14
D:2:      layout_rooms, uniq_crazy_yiuf_cottage
D:3:      layout_basic, hellmonk_ecumenical_altar_leap_of_faith, uniq_pargi
D:4:      layout_loops_corners, gup_sewer_entry_pipe
D:5:      layout_rooms
D:6:      minmay_flawed_box, layout_cave_pools, grunt_qazlal_clouds,
          enter_ossuary_2, kennysheep_boxes
D:7:      layout_cave_pods, minmay_temple_entry_junction_2, uniq_harold

Skill      XL: |  1  2  3  4  5  6  7  8  9 |
---------------+----------------------------+-----
Spellcasting   | 3 4 6 7 |  7.0
Fire Magic     | 3 4 |  4.0
Fighting       | 3 4 6 7 9 10 | 10.6
Maces & Flails | 2 |  2.0
Evocations     | 3 4 |  4.0
Dodging        | |  1.7
Stealth        | |  1.4
Conjurations   | |  0.8

Action                   |  1- 3 |  4- 6 |  7- 9 || total
-------------------------+-------+-------+-------++-------
Melee: Dagger            |     8 |       |       ||     8
       Mace              |       |    59 |    48 ||   107
       Punch             |       |     1 |     4 ||     5
       Flail             |       |       |    49 ||    49
Throw: Javelin           |     4 |     8 |     2 ||    14
 Cast: Foxfire           |    51 |    22 |    69 ||   142
       Scorch            |    10 |    30 |    81 ||   121
       Inner Flame       |       |     1 |     9 ||    10
Invok: Heal Other        |       |       |     1 ||     1
       Heal Self         |       |       |     3 ||     3
       Purification      |       |       |     1 ||     1
  Use: Potion            |     1 |     3 |     8 ||    12
       Scroll            |       |     5 |     4 ||     9
 Stab: Distracted        |       |       |     1 ||     1
Armor: Robe              |     7 |     5 |       ||    12
       Troll leather arm |       |    18 |    79 ||    97
       Skin              |       |     8 |       ||     8
Dodge: Dodged            |     8 |    52 |    94 ||   154
